 Dungeon Crawl Stone Soup version 0.30-a0-920-g7493c07aab (webtiles) character file.

Game seed: 2219147219312852639

69 ytrimaz the Trooper (level 4, -13/63 (75) HPs)
             Began as an Ogre Monk on Mar 21, 2023.
             Mangled by Terence
             ... wielding the +7 Throatcutter {drain, coup de grace}
              (14 damage)
             ... on level 3 of the Dungeon.
             The game lasted 00:01:42 (1755 turns).

ytrimaz the Trooper (Ogre Monk)                     Turns: 1755, Time: 00:01:43

HP:   -13/63 (75)   AC:  3    Str: 17    XL:     4   Next: 20%
MP:   0/4           EV: 10    Int: 11    God:
Gold: 220           SH:  0    Dex: 11    Spells: 3/3 levels left

rFire   . . .      SeeInvis .    a - +0 mace
rCold   . . .      Faith    .    (no shield)
rNeg    . . .      Spirit   +    b - +0 robe
rPois   .          Reflect  .    (helmet restricted)
rElec   .          Rampage  .    (no cloak)
rCorr   .                        (gloves unavailable)
Will    .....                    (boots unavailable) Stlth
                                 f - amulet of guardian spirit
HPRegen 0.30/turn                (no ring)
MPRegen 0.09/turn                (no ring)

@: berserking, heavily drained, very quick
A: large, unfitting armour, tough skin 1
a: no special abilities


You were on level 3 of the Dungeon.
You visited 1 branch of the dungeon, and saw 3 of its levels.

You collected 220 gold pieces.


Innate Abilities, Weirdness & Mutations

You are too large for most types of armour.
You have tough skin. (AC +1)


   Skills:
 + Level 5.4 Fighting
 + Level 3.7 Maces & Flails
 - Level 2.6 Dodging
 - Level 1.4 Stealth


You had 3 spell levels left.
You didn't know any spells.
Your spell library contained the following spells:

 Spells                   Type           Power      Damage    Failure   Level
 Blink                    Tloc           0%         N/A       47%         2
 Ensorcelled Hibernation  Hex/Ice        0%         N/A       47%         2
 Spider Form              Tmut/Pois      0%         N/A       71%         3
 Anguish                  Hex/Necr       0%         N/A       98%         4
 Manifold Assault         Tloc           0%         N/A       98%         4
 Storm Form               Tmut/Air       0%         N/A       100%        7

Inventory:

Hand Weapons
 a - a +0 mace (weapon)
Armour
 b - a +0 robe (worn)
Jewellery
 e - a ring of fire
   (You found it on level 1 of the Dungeon)
 f - an amulet of guardian spirit (around neck)
   (You found it on level 1 of the Dungeon)
 i - an amulet of magic regeneration
   (You found it on level 2 of the Dungeon)
 k - a ring of ice
   (You found it on level 2 of the Dungeon)
Scrolls
 g - 2 scrolls of noise
 h - a scroll of immolation
 j - a scroll of teleportation {unknown}
 l - a scroll of poison
 n - a scroll of amnesia
Potions
 c - 2 potions of ambrosia
 d - a potion of brilliance

Dungeon Overview and Level Annotations

Branches:
Dungeon (3/15) Zot: 16219

Altars:

Annotations:
D:3 Terence

#..............[.##.#
#.#.##############.##.#
#.#.# #.##.# ######.#.#
#.#..# ...J...#.# #.#.##
S....#.# #..).. ...#.#
###.##
###>##.#.################.##
........Sr@@..............>#
.....#.#.################..#
##. #.#.# #..# ..#[# #..#
##.#.# #..# #.#.# ######..#
#^#.# #.......# #...#
#.###.... #...## #.###.###


You could see Terence, a ball python and a rat.


Message History

Things that are here:
a +0 club; 7 stones Key pressed, stopping explore.
No target in view!
You see here a +0 leather armour.
Key pressed, stopping explore.
You see here 8 stones.
A quokka and an endoplasm come into view.
There are monsters nearby!
There are monsters nearby!
There are monsters nearby!
The helpless endoplasm fails to defend itself.
You thump the endoplasm!
You kill the endoplasm!
Unknown command.
You closely miss the quokka. The quokka completely misses you. x2
You hit the quokka.
You kill the quokka!
No target in view!
Unknown command.
No target in view!
A rat comes into view.
A rat is nearby!
A rat is nearby!
You closely miss the rat. The rat bites you. 😕 HP[-1]
You take 1 damage, and now have 49/50 hp.
Unknown command.
You hit the rat. The rat bites you. 😕 HP[-1]
You take 1 damage, and now have 48/50 hp.
You hit the rat.
You kill the rat!
You see here a rat corpse. 😕 HP[+1] No target in view!
Unknown command.
No target in view!
Things that are here:
a +0 club; 7 stones You see here a +0 leather armour.
Key pressed, stopping explore.
Terence and a jelly come into view.
Terence is wielding the +7 Throatcutter {drain, coup de grace} and wearing a +2 scale mail of poison resistance.
Found an escape hatch in the floor.
Terence shouts!
A rat comes into view.
The jelly moves out of view. 😎 HP[+1]
Your hp is fully restored (50).
A ball python comes into view.
Press: ? - help, v - describe, . - travel
Here: Terence, wielding the +7 Throatcutter {drain, coup de grace} and wearing a +2 scale mail of poison resistance The floor.
Terence hits you with the +7 Throatcutter {drain, coup de grace}!
You feel drained. 😕 HP[-11] MP[-2]
You now have 48 max hp (-2).
You take 11 damage, and now have 39/48 hp.
MASSIVE DAMAGE!! (PAUSE)
You lost 2 mp, and now have 2/4 mp.
You hit Terence but do no damage. Terence closely misses you.
You hit Terence.
Terence hits you with the +7 Throatcutter {drain, coup de grace}!
You feel drained. 😮 HP[-12] MP[-1]
You now have 46 max hp (-2).
You take 12 damage, and now have 27/46 hp.
MASSIVE DAMAGE!! (PAUSE)
You lost 1 mp, and now have 1/4 mp.
You barely miss Terence.
Terence hits you with the +7 Throatcutter {drain, coup de grace}!!
* * * LOW HITPOINT WARNING * * *
You feel drained.
* * * LOW HITPOINT WARNING * * *
😱 HP[-20] MP[-1]
You now have 44 max hp (-2).
You take 20 damage, and now have 7/44 hp.
MASSIVE DAMAGE!! (PAUSE)
You lost 1 mp, and now have 0/4 mp.
A red film seems to cover your vision as you go berserk!
You feel yourself moving faster!
You feel mighty! Terence closely misses you. 😱 HP[+3]
You now have 66 max hp (+22).
You regained 3 hp, and now have 10/66 hp.
Unknown command.
You completely miss Terence. Your punch misses Terence.
Terence closely misses you. 😱 HP[+1]
You sock Terence!
Terence hits you with the +7 Throatcutter {drain, coup de grace}!
* * * LOW HITPOINT WARNING * * *
You feel drained.
* * * LOW HITPOINT WARNING * * *
😱 HP[-10]
You now have 63 max hp (-3).
You take 10 damage, and now have 1/63 hp.
You hit Terence.
Terence hits you with the +7 Throatcutter {drain, coup de grace}!
You die...

Skill      XL: |  1  2  3 |
---------------+----------+-----
Maces & Flails | 3 |  3.7
Fighting       | 5 |  5.4
Dodging        | |  2.6
Stealth        | |  1.4

Action                     |  1- 3 |  4- 6 || total
---------------------------+-------+-------++-------
  Melee: Mace              |    84 |    24 ||   108
    Use: Scroll            |     3 |     3 ||     6
         Potion            |       |     1 ||     1
   Stab: Sleeping          |     4 |     2 ||     6
 Armour: Robe              |    34 |     2 ||    36
  Dodge: Dodged            |    47 |     8 ||    55

Levels and vault maps discovered:
D:1:      evilmike_arrival_hilbert_curve, layout_basic
D:2:      layout_rooms, hellmonk_ecumenical_altar_crossroads, hex_tiny
D:3:      layout_basic, serial_shops, shop, uniq_terence

Notes
Turn   | Place    | Note
-------+----------+-------------------------------------------
     0 | D:1      | ytrimaz the Ogre Monk began the quest for the Orb.
     0 | D:1      | Reached XP level 1. HP: 24/24 MP: 1/1
     0 | D:1      | magus.rc [v1.9.6]
   249 | D:1      | Reached skill level 3 in Maces & Flails
   249 | D:1      | Reached XP level 2. HP: 29/33 MP: 2/2
  1095 | D:2      | Reached XP level 3. HP: 36/41 MP: 3/3
  1149 | D:2      | Reached skill level 5 in Fighting
  1214 | D:2      | Found a faded altar of an unknown god.
  1240 | D:2      | You add the spells Blink, Manifold Assault and Storm Form
                  | to your library.
  1261 | D:2      | You pick up a book of Dreams and begin reading...
  1261 | D:2      | You add the spells Ensorcelled Hibernation, Spider Form and
                  | Anguish to your library.
  1417 | D:2      | Reached XP level 4. HP: 50/50 MP: 4/4
  1741 | D:3      | Noticed Terence
  1751 | D:3      | HP: 11/46 [Terence/the +7 Throatcutter {drain, coup de
                  | grace} (17)]
  1754 | D:3      | HP: 4/66 [Terence/the +7 Throatcutter {drain, coup de
                  | grace} (7)]
  1754 | D:3      | HP: 1/63 [Terence/the +7 Throatcutter {drain, coup de
                  | grace} (3)]
  1755 | D:3      | Mangled by Terence

Vanquished Creatures
  3 adders (D:2)
  A dart slug (D:2)
  6 endoplasms
  A giant cockroach (D:2)
  8 goblins
  2 hobgoblins
  3 jackals (D:2)
  4 quokkas
  A ball python (D:3)
  A bat (D:1)
  6 rats
36 creatures vanquished.

Table legend:
 A = Non-vault XP
 B = Vault XP
 C = Vault XP percentage of total XP
 D = Non-vault monster count
 E = Vault monster count
 F = Vault count percentage of total count
                 A         B        C        D         E       F
            +---------+---------+-------+---------+---------+-------
      Total |      99 |       0 |   0.0 |      36 |       0 |   0.0
            +---------+---------+-------+---------+---------+-------
        D:1 |      22 |       0 |   0.0 |      14 |       0 |   0.0
        D:2 |      63 |       0 |   0.0 |      14 |       0 |   0.0
        D:3 |      14 |       0 |   0.0 |       8 |       0 |   0.0
            +---------+---------+-------+---------+---------+-------

Illustrated notes

Table legend:
 A = Kills in this place as a percentage of kills in the entire game.
 B = Kills by you in this place as a percentage of kills by you in the entire game.
 C = Kills by friends in this place as a percentage of kills by friends in the entire game.
 D = Other kills in this place as a percentage of other kills in the entire game.
 E = Experience gained in this place as a percentage of experience gained in the entire game.
 F = Experience gained in this place divided by the number of levels of this place that you have seen.
                   A       B       C       D       E      F
               +-------+-------+-------+-------+-------+----------------------
         Total | 100.0 | 100.0 |   N/A |   N/A | 100.0 |  33.0
       Dungeon | 100.0 | 100.0 |   N/A |   N/A | 100.0 |  33.0
               +-------+-------+-------+-------+-------+----------------------

Table legend: (Time is in decaauts)
 A = Elapsed time spent in this place.
 B = Non-inter-level travel time spent in this place.
 C = Inter-level travel time spent in this place.
 D = Time resting spent in this place.
 E = Time spent auto-exploring this place.
 F = Levels seen in this place.
 G = Mean time per level.
                   A        B        C        D        E       F      G
               +--------+--------+--------+--------+--------+-----+--------+
         Total |   1779 |   1733 |     46 |      0 |   1402 |   3 |  593.0 |
       Dungeon |   1779 |   1733 |     46 |      0 |   1402 |   3 |  593.0 |
               +--------+--------+--------+--------+--------+-----+--------+

Top non-repeatable levels by time:
     D:1: 973 daAuts
     D:2: 497 daAuts
     D:3: 309 daAuts
